 Dungeon Crawl Stone Soup version 0.30-a0-870-gc5d4c5acee (webtiles) character file.

Game seed: 16911085756405031994

265 Cryptopotamus the Slasher (level 6, -1/49 HPs)
             Began as a Barachi Monk on Mar 11, 2023.
             Slain by a bullfrog (3 damage)
             ... in a sewer.
             The game lasted 00:15:03 (2241 turns).

Cryptopotamus the Slasher (Barachi Monk)            Turns: 2241, Time: 00:15:04

Health: -1/49      AC: 12    Str: 12    XL:     6   Next: 20%
Magic:  6/6        EV:  6    Int: 10    God:
Gold:   65         SH:  0    Dex: 17    Spells: 5/5 levels left

rFire   . . .      SeeInvis .    n - +0 long sword
rCold   . . .      Faith    .    (no shield)
rNeg    . . .      Spirit   .    f - +0 chain mail
rPois   .          Reflect  .    (no helmet)
rElec   .          Rampage  .    (no cloak)
rCorr   .                        j - +2 pair of gloves
Will    .....                    (no boots) Stlth
                                 (no amulet)
HPRegen 0.28/turn                (no ring)
MPRegen 0.10/turn                (no ring)

@: slow
A: amphibious, slowness 1, strong legs 1, +LOS
a: Hop


You were in a sewer.
You visited 1 branch of the dungeon, and saw 3 of its levels.
You also visited: Sewer.

You collected 65 gold pieces.

Inventory:

Hand Weapons
 k - a +1 heavy hand axe
 n - a +0 long sword (weapon)
Missiles
 l - 6 poisoned darts (quivered)
Armour
 f - a +0 chain mail (worn)
 j - a +2 pair of gloves (worn)
Scrolls
 a - a scroll of teleportation {unknown}
 b - a scroll of fear {unknown}
 g - 3 scrolls of identify {unknown}
 h - 3 scrolls of vulnerability {unknown}
 i - a scroll of magic mapping {unknown}
 m - a scroll of poison {unknown}
Potions
 d - a potion of invisibility {unknown}
 e - a potion of might {unknown}


   Skills:
 + Level 4.7 Fighting
 + Level 5.9 Long Blades
 + Level 0.5 Throwing
 * Level 3.2 Armour
 + Level 4.0 Dodging
 - Level 1.7 Stealth


You had 5 spell levels left.
You didn't know any spells.
Your spell library was empty.

Dungeon Overview and Level Annotations

Branches:
Dungeon (3/15)              Sewer (1/1)

Altars:
Qazlal


Innate Abilities, Weirdness & Mutations

You are amphibious.
You cover ground slowly.
You can hop short distances.
You have an extended range of vision and can be seen from far away.


Message History

* * * LOW HITPOINT WARNING * * *
The ball python constricts you. The frilled lizard bites you.
* * * LOW HITPOINT WARNING * * *
The bullfrog hits you but does no damage.
You bump into the stone wall.
The bullfrog hits you but does no damage.
The ball python bites you but does no damage.
The ball python constricts you. The bullfrog hits you.
* * * LOW HITPOINT WARNING * * *
The bullfrog hits you.
* * * LOW HITPOINT WARNING * * *
The frilled lizard bites you but does no damage.
You closely miss the ball python.
The ball python is moderately wounded.
The ball python barely misses you. The ball python constricts you.
* * * LOW HITPOINT WARNING * * *
The bullfrog hits you.
* * * LOW HITPOINT WARNING * * *
The bullfrog hits you.
* * * LOW HITPOINT WARNING * * *
The frilled lizard bites you but does no damage.
The ball python bites you but does no damage.
The ball python constricts you.
The bullfrog swells and bulges.
The bullfrog hits you.
* * * LOW HITPOINT WARNING * * *
The bullfrog barely misses you.
You bump into the stone wall.
You feel less invigorated.
You feel less confused. The bullfrog hits you!
* * * LOW HITPOINT WARNING * * *
The bullfrog barely misses you.
The ball python bites you but does no damage.
The ball python constricts you.
The frilled lizard bites you but does no damage.
You hit the ball python.
You kill the ball python!
The bullfrog hits you but does no damage.
The bullfrog hits you.
You die...

##### ####...####
####.........####
##......FlS......##
#......SF@#.......#
##......##+##......##
# #......## ##......#
# ##~..S## #.~.~..# #
#~~~~~S# #~~~~~~# #
#~≈~~~S# #≈~~~~≈# #
#≈~~~~≈# #~~~~~≈# #
#≈~~~~≈# #~~~≈≈†# #
#≈~~~~≈# #~~~~≈≈# #


You could see 2 bullfrogs, an adder, a ball python and a frilled lizard.

Vanquished Creatures
  5 adders
  7 gnolls
  5 river rats (Sewer)
  3 worms
  4 dart slugs
  2 orcs
  17 ball pythons
  4 endoplasms
  6 giant cockroaches (D:3)
  6 hobgoblins (D:2)
  7 quokkas
  6 bats
  4 frilled lizards
  A goblin (D:2)
  A kobold (D:1)
  27 rats
105 creatures vanquished.

Vanquished Creatures (others)
  A plant (D:1)
1 creature vanquished.

Grand Total: 106 creatures vanquished

Notes
Turn   | Place    | Note
-------+----------+-------------------------------------------
     0 | D:1      | Cryptopotamus the Barachi Monk began the quest for the Orb.
     0 | D:1      | Reached XP level 1. HP: 18/18 MP: 1/1
    78 | D:1      | Reached XP level 2. HP: 20/25 MP: 2/2
   276 | D:1      | Reached skill level 1 in Armour
   324 | D:1      | Reached skill level 4 in Long Blades
   553 | D:2      | Found a stormy altar of Qazlal.
   564 | D:2      | Reached XP level 3. HP: 26/30 MP: 3/3
  1014 | D:2      | Reached XP level 4. HP: 37/37 MP: 4/4
  1498 | D:2      | Reached skill level 5 in Long Blades
  1498 | D:2      | Reached XP level 5. HP: 35/43 MP: 5/5
  1670 | D:3      | Noticed a fire elemental
  1673 | D:3      | Found a stormy altar of Qazlal.
  1675 | D:3      | Noticed a water elemental
  1676 | D:3      | Noticed an air elemental
  1735 | D:3      | Found a glowing drain.
  1768 | Sewer    | Entered a sewer
  1967 | Sewer    | Reached XP level 6. HP: 45/49 MP: 6/6
  2240 | Sewer    | HP: 2/49 [bullfrog (7)]
  2241 | Sewer    | Slain by a bullfrog

Illustrated notes

Levels and vault maps discovered:
D:1:      giann_bridges, layout_rooms
D:2:      layout_basic, basic_altar
D:3:      layout_loops_cross, nicolae_qazlal_style_of_elements,
          mainiacjoe_overflow_alcove_1, gup_sewer_entry_pipe, uniq_jessica
Sewer:    sewer_minmay_w

Skill      XL: |  1  2  3  4  5 |
---------------+----------------+-----
Armour         | 1 2 3 |  3.2
Long Blades    | 4 5 |  5.9
Fighting       | 4 |  4.7
Dodging        | 4 |  4.0
Throwing       | |  0.5
Stealth        | |  1.7

Action                     |  1- 3 |  4- 6 || total
---------------------------+-------+-------++-------
  Melee: Falchion          |   134 |    13 ||   147
         Punch             |     2 |     1 ||     3
         Long sword        |       |   202 ||   202
  Throw: Stone             |     5 |     2 ||     7
         Dart              |       |     1 ||     1
    Use: Potion            |       |     1 ||     1
 Armour: Robe              |     3 |       ||     3
         Chain mail        |   106 |   223 ||   329
  Dodge: Dodged            |    54 |   103 ||   157

Table legend: (Time is in decaauts)
 A = Elapsed time spent in this place.
 B = Non-inter-level travel time spent in this place.
 C = Inter-level travel time spent in this place.
 D = Time resting spent in this place.
 E = Time spent auto-exploring this place.
 F = Levels seen in this place.
 G = Mean time per level.
                   A        B        C        D        E       F      G
               +--------+--------+--------+--------+--------+-----+--------+
         Total |   2585 |   2511 |     74 |    221 |    399 |   4 |  646.2 |
       Dungeon |   2047 |   1973 |     74 |    137 |    399 |   3 |  682.3 |
         Sewer |    537 |    537 |      0 |     84 |      0 |   1 |  537.0 |
               +--------+--------+--------+--------+--------+-----+--------+

Top non-repeatable levels by time:
     D:2: 1196 daAuts
     D:1: 628 daAuts
   Sewer: 537 daAuts
     D:3: 223 daAuts
